 Dungeon Crawl Stone Soup version 0.25.1-2-g60ff931df9 (webtiles) character file.

Game seed: 18271309105320419204

178 DogServant the Charmwright (level 5, 0/38 HPs)
             Began as a Formicid Skald on Oct 12, 2020.
             Hit by a stone thrown by a kobold (1 damage)
             ... on level 3 of the Dungeon.
             The game lasted 00:03:15 (2655 turns).

DogServant the Charmwright (Formicid Skald)         Turns: 2655, Time: 00:03:15

Health: 0/38       AC:  3    Str: 16    XL:     5   Next: 89%
Magic:  2/8        EV: 12    Int: 12    God:
Gold:   112        SH:  0    Dex: 11    Spells: 5/8 levels left

rFire    . . .     SeeInvis +   a - +0 mace
rCold    . . .     Gourm    .   (no shield)
rNeg     . . .     Faith    .   b - +0 leather armour
rPois    .         Spirit   .   (helmet unavailable)
rElec    .         Reflect  .   (no cloak)
rCorr    .         Harm     .   (no gloves)
MR       .....                  (no boots)
Stlth    +.........             (no amulet)
HPRegen  0.12/turn              (no ring)
MPRegen  0.11/turn              (no ring)

@: infused, singing
A: permanent stasis, dig shafts and tunnels, four strong arms, antennae 3
a: Dig, Shaft Self


You were on level 3 of the Dungeon.
You were very hungry.

You visited 1 branch of the dungeon, and saw 3 of its levels.

You collected 112 gold pieces.

Inventory:

Hand Weapons
 a - a +0 mace (weapon)
Missiles
 n - 3 javelins (quivered)
Armour
 b - a +0 leather armour (worn)
 k - a +0 ring mail
Jewellery
 o - a cursed ring of attention {unknown}
Wands
 f - a wand of digging (6)
Scrolls
 c - 4 scrolls of identify {unknown}
 e - a scroll of fog {unknown}
 h - a scroll of noise {unknown}
 i - 4 scrolls of remove curse {unknown}
 j - 2 scrolls of amnesia {unknown}
 l - a scroll of teleportation {unknown}
Potions
 g - a potion of brilliance {unknown}
 p - a potion of ambrosia {unknown}
Comestibles
 d - 6 rations


   Skills:
 - Level 2.1 Fighting
 + Level 4.2 Maces & Flails
 - Level 1.1 Armour
 - Level 1.7 Dodging
 - Level 2.1 Spellcasting
 + Level 4.7 Charms


You had 5 spell levels left.
You knew the following spells:

 Your Spells              Type           Power        Failure   Level  Hunger
a - Infusion              Chrm           ##..         4%          1    ##.....
b - Song of Slaying       Chrm           ##......     7%          2    ###....

Your spell library contained the following spells:

 Spells                   Type           Power        Failure   Level  Hunger
 Shroud of Golubria       Chrm/Tloc      #.....       19%         2    ###....
 Ozocubu's Armour         Chrm/Ice       #.......     36%         3    ####...
 Spectral Weapon          Hex/Chrm       #.......     36%         3    ####...


Dungeon Overview and Level Annotations

Branches:
Dungeon (3/15)

Altars:


Innate Abilities, Weirdness & Mutations

You cannot be hasted, slowed, berserked, paralysed or teleported.
You can dig through walls and to a lower floor.
Your four strong arms can wield two-handed weapons with a shield.
You have a pair of large antennae on your head. (SInv)


Message History

The bullfrog closely misses you.
You hit the bullfrog.
The bullfrog is moderately wounded.
The bullfrog hits you.
* * * LOW HITPOINT WARNING * * *
The bullfrog closely misses you.
You hit the bullfrog!
The bullfrog is heavily wounded.
The bullfrog hits you.
* * * LOW HITPOINT WARNING * * *
You hit the bullfrog!
The bullfrog is almost dead.
The bullfrog closely misses you. The bullfrog barely misses you.
Okay, then.
You hit the bullfrog.
You kill the bullfrog!
Your Maces & Flails skill increases to level 4!
The kobold throws a stone.
The stone hits you but does no damage.
The kobold throws a stone.
The stone hits you.
You die...

... #....$.... #..
#.......... .#
####.###.......... ...
.................. .#.#
#..............
.#.≈#########...........
...≈...).[........K.....
#.≈...#)##.##...†......
##≈.....##.....@....^..
###≈.≈≈..###...........$
...≈....................
...≈.##.................
....###.#.....?.........
........................
.###.##.#...............
..#.....................
#.#....................


You could see a kobold.

Vanquished Creatures
  A bullfrog (D:3)
  A hound skeleton (D:3)
  An adder (D:3)
  2 oozes (D:1)
  2 worms
  A dart slug (D:2)
  A leopard gecko (D:2)
  2 orcs (D:3)
  9 bats
  4 giant cockroaches (D:1)
  12 goblins
  5 hobgoblins
  5 jackals (D:1)
  7 kobolds
  2 quokkas
  A ball python (D:1)
  5 frilled lizards
  9 rats
70 creatures vanquished.

Vanquished Creatures (others)
  4 toadstools (D:1)
4 creatures vanquished.

Grand Total: 74 creatures vanquished

Notes
Turn   | Place    | Note
-------+----------+-------------------------------------------
     0 | D:1      | DogServant the Formicid Skald began the quest for the Orb.
     0 | D:1      | Reached XP level 1. HP: 16/16 MP: 3/3
    42 | D:1      | Reached XP level 2. HP: 16/22 MP: 5/5
   325 | D:1      | Reached XP level 3. HP: 25/27 MP: 2/6
  1382 | D:1      | Reached XP level 4. HP: 31/33 MP: 7/7
  1633 | D:2      | Learned a level 2 spell: Song of Slaying
  2455 | D:3      | Reached XP level 5. HP: 24/38 MP: 0/8
  2641 | D:3      | Noticed a bullfrog
  2652 | D:3      | HP: 1/38 [bullfrog (6)]
  2654 | D:3      | Killed a bullfrog
  2655 | D:3      | Hit by a stone thrown by a kobold

Illustrated notes

Levels and vault maps discovered:
D:1:      ldierk_water_garden, layout_loops_corners
D:2:      kennysheep_the_goblin_king, layout_basic
D:3:      layout_rooms, lemuel_coloured_pillars_altar,
          chequers_serial_rivers_micro_e, wad_floor_pattern_2

Skill      XL: |  1  2  3  4  5 |
---------------+----------------+-----
Maces & Flails | 3 4 |  4.2
Charms         | 4 |  4.7
Fighting       | |  2.1
Armour         | |  1.1
Dodging        | |  1.7
Spellcasting   | |  2.1

Action                   |  1- 3 |  4- 6 || total
-------------------------+-------+-------++-------
Melee: Mace              |   115 |   103 ||   218
 Cast: Infusion          |     5 |     6 ||    11
       Song of Slaying   |       |     3 ||     3
  Eat: Chunk             |     2 |     3 ||     5
Armor: Leather armour    |    42 |    32 ||    74
Dodge: Dodged            |    94 |    90 ||   184
